 Dungeon Crawl Stone Soup version 0.31.0-4-g52a2dc7128 (webtiles) character file.

Game seed: 7822250183706431269

443 Deca the Changeling (level 6, -1/50 HPs)
             Began as a Draconian Shapeshifter on Jan 21, 2024.
             Slain by an ogre
             ... wielding a +0 giant club
              (19 damage)
             ... on level 4 of the Dungeon.
             The game lasted 00:15:34 (2827 turns).

Deca the Changeling (Draconian Shapeshifter)        Turns: 2827, Time: 00:15:34

Health: -1/50      AC:  6    Str: 18    XL:     6   Next: 71%
Magic:  6/6        EV: 13    Int:  8    God:
Gold:   158        SH:  0    Dex: 11    Spells: 5/5 levels left

rFire   . .          .
                       - Unarmed
rCold   . . .        (no shield)
rNeg    . . .        (body armour unavailable)
rPois   .            (helmet currently unavailable)
rElec   .            (cloak currently unavailable)
rCorr   .            (gloves currently unavailable)
SInv    .            (boots currently unavailable)
Will    .....        (no amulet)
Stlth   +            (no ring)
HPRegen 0.28/turn    (no ring)
MPRegen 0.10/turn

%: no passive effects
@: beast-form
A: beast (slay +2), AC +6, unfitting armour, cold-blooded, dopey 1, inability to
drink after injury 1
a: Begin Untransformation


You were on level 4 of the Dungeon.
You were a hulking beast.
You visited 1 branch of the dungeon, and saw 4 of its levels.

You collected 158 gold pieces.

Inventory:

Armour
 i - a +0 pair of boots
 k - a +2 hat
 n - a +0 pair of gloves
Jewellery
 d - an amulet of guardian spirit
 l - a +4 ring of slaying
Talismans
 b - a beast talisman (active)
 c - a flux talisman
 e - a storm talisman
Wands
 a - a wand of acid (11)
Scrolls
 f - 2 scrolls of identify
 g - a scroll of brand weapon {unknown}
 m - a scroll of blinking
Potions
 h - a potion of resistance
 j - a potion of lignification


   Skills:
 - Level 2.5 Fighting
 * Level 3.9 Dodging
 * Level 4.6 Unarmed Combat
 * Level 4.6 Shapeshifting


You had 5 spell levels left.
You didn't know any spells.
Your spell library was empty.

Dungeon Overview and Level Annotations

Branches:
Dungeon (4/15)
 Temple: D:4-7

Altars:
Okawaru

Shops:
D:2 [


Innate Abilities, Weirdness & Mutations

You are a hulking beast.
Your limbs bulge with bestial killing power. (Slay +2)
Your plain brown scales are hard. (AC +6)
You cannot fit into any form of body armour.
You are cold-blooded and may be slowed by cold attacks.
You are dopey. (Int -2)
You occasionally lose the ability to drink potions when taking damage.


Message History

The scorpion stings you.
You hit the scorpion.
The scorpion is almost dead.
The scorpion stings you but does no damage.
You completely miss the scorpion. You tail-slap the scorpion.
You kill the scorpion!
HP restored.
Found an escape hatch in the floor.
g - a scroll labelled YNWAOTE DIBREC An ogre comes into view.
It is wielding a +0 giant club.
The ogre shouts!
The ogre closely misses you.
You hit the ogre.
Your tail-slap misses the ogre.
The ogre is lightly wounded.
You hit the ogre but do no damage.
You tail-slap the ogre, but do no damage.
The ogre is lightly wounded.
The ogre hits you with a +0 giant club!!
You punch the ogre!
The ogre is moderately wounded.
The ogre barely misses you.
You hit the ogre.
The ogre is heavily wounded.
You hit the ogre.
The ogre is heavily wounded.
The ogre misses you.
You hit the ogre.
The ogre is severely wounded.
You hit the ogre but do no damage.
The ogre is severely wounded.
The ogre hits you with a +0 giant club!
You barely miss the ogre.
The ogre is severely wounded.
The ogre misses you.
You hit the ogre.
The ogre is severely wounded.
You barely miss the ogre.
Your tail-slap misses the ogre.
The ogre is severely wounded.
The ogre hits you with a +0 giant club!!
You die...

#......####.......#....
##......#.#.........# ..
#..................# ...
#..#...###.#.....#.##....
#####.....###.##.#.......
#....####..........#
##..###...........## ##..
#...#........#
#.......#h......##
...####O....... ##..
....#..... #. ..........
........... ..........
.....## ......


You could see an ogre.

Vanquished Creatures
  Pargi (D:3)
  A black bear (D:3)
  A scorpion (D:4)
  A hound (D:4)
  Robin (D:3)
  A gnoll (D:3)
  3 adders
  3 ribbon worms
  3 dart slugs
  4 orcs (D:3)
  5 bats
  8 endoplasms
  3 giant cockroaches
  11 hobgoblins
  6 jackals (D:1)
  3 quokkas
  4 ball pythons
  4 frilled lizards
  19 goblins
  8 kobolds
  2 rats
92 creatures vanquished.

Notes
Turn   | Place    | Note
-------+----------+-------------------------------------------
     0 | D:1      | Deca the Draconian Shapeshifter began the quest for the
                  | Orb.
     0 | D:1      | Reached XP level 1. HP: 16/16 MP: 1/1
    76 | D:1      | Reached XP level 2. HP: 12/23 MP: 2/2
   151 | D:1      | Gained mutation: You are dopey. (Int -2) [potion of
                  | mutation]
   151 | D:1      | Gained mutation: You occasionally lose the ability to drink
                  | potions when taking damage. [potion of mutation]
   292 | D:1      | Reached XP level 3. HP: 25/29 MP: 3/3
   752 | D:2      | Found Foumope's Antique Armour Shop.
   758 | D:2      | Reached XP level 4. HP: 13/37 MP: 4/4
   763 | D:2      | HP: 2/55 [poisoned by a kobold]
  1504 | D:2      | Found a faded altar of an unknown god.
  1562 | D:3      | Noticed Pargi
  1582 | D:3      | Killed Pargi
  1583 | D:3      | Reached XP level 5. HP: 13/42 MP: 5/5
  1797 | D:3      | Noticed Robin
  1802 | D:3      | Killed Robin
  1965 | D:3      | Noticed a black bear
  1973 | D:3      | Killed a black bear
  1974 | D:3      | Reached XP level 6. HP: 26/50 MP: 6/6
  2645 | D:3      | Found an iron altar of Okawaru.
  2827 | D:4      | Slain by an ogre

Illustrated notes

Levels and vault maps discovered:
D:1:      tarquinn_simple_flora_water_b, layout_rooms
D:2:      layout_loops_ring, serial_shops, shop, shapermc_ecumenical_altar_petra
D:3:      layout_basic, okawaru_altar_gauntlet_db,
          chequers_serial_rivers_micro_e, uniq_pargi, uniq_robin
D:4:      layout_cave_pools, mainiacjoe_overflow_alcove_1,
          hangedman_decor_clover_reticule

Skill      XL: |  1  2  3  4  5 |
---------------+----------------+-----
Dodging        | 2 3 |  3.9
Fighting       | 2 |  2.5
Shapeshifting  | 4 |  4.6
Unarmed Combat | 4 |  4.6

Action                     |  1- 3 |  4- 6 || total
---------------------------+-------+-------++-------
  Melee: Unarmed           |   119 |   168 ||   287
         Tailslap          |    13 |    25 ||    38
         Punch             |       |     1 ||     1
    Use: Scroll            |     2 |     3 ||     5
         Potion            |     1 |     4 ||     5
 Armour: Skin              |    59 |    94 ||   153
  Dodge: Dodged            |   114 |    76 ||   190
   Form: Flux              |     1 |       ||     1
         Beast             |     1 |       ||     1
